 Dungeon Crawl Stone Soup version 0.17.1-3-g152610e (webtiles) character file.

1390 virusv3i the Ruffian (level 8, -4/81 HPs)
             Began as a Troll Monk on Apr 27, 2016.
             Shot with an arrow by a centaur (12 damage)
             ... on level 5 of the Dungeon.
             The game lasted 00:26:48 (3395 turns).

virusv3i the Ruffian (Troll Monk)                   Turns: 3395, Time: 00:26:49

Health: -4/81      AC:  6    Str: 22    XL:     8   Next: 40%
Magic:  7/7        EV: 12    Int:  6    God:
Gold:   166        SH:  0    Dex: 12    Spells: 0 memorised, 7 levels left

rFire  . . .     SeeInvis .       - Unarmed
rCold  + + .     Clarity  .     l - +1 robe {rC+ rF+}
rNeg   . . .     SustAt   +     (no shield)
rPois  .         Gourm    +     (helmet restricted)
rElec  .         Spirit   .     (no cloak)
rCorr  .         Warding  .     (gloves unavailable)
rMut   .         Stasis   .     (boots unavailable)
MR     .....                    q - amulet of faith
Stlth  +.........               y - ring of ice
                                j - ring of sustain attributes

@: not resistant to hostile enchantments, very unstealthy
A: unfitting armour, claws 3, fast metabolism 3, gourmand, regeneration 2,
shaggy fur 1, tough skin 2
a: no special abilities


You were on level 5 of the Dungeon.
You were completely stuffed.

You visited 2 branches of the dungeon, and saw 6 of its levels.
You also visited: Sewer.

You collected 166 gold pieces.

Inventory:

Armour
 l - a +1 robe of resistance (worn)
Jewellery
 j - a ring of sustain attributes (left claw)
 q - an amulet of faith (around neck)
 y - a ring of ice (right claw)
Wands
 o - a wand of frost (34)
Scrolls
 c - 4 scrolls of identify {unknown}
 d - a scroll of enchant armour {unknown}
 e - a scroll of fog {unknown}
 h - 4 scrolls of remove curse {unknown}
 i - a scroll of random uselessness {unknown}
 m - a scroll of immolation {unknown}
 n - a scroll of recharging {unknown}
 r - 2 scrolls of blinking {unknown}
 z - a scroll of amnesia {unknown}
Potions
 f - 4 potions of curing {unknown}
 g - a potion of experience {unknown}
 k - a potion of poison {unknown}
 p - a potion of degeneration {unknown}
 s - a potion of berserk rage {unknown}
 t - a potion of magic {unknown}
 x - a potion of brilliance {unknown}
Comestibles
 a - 2 chunks of flesh
 b - 4 bread rations
 u - a meat ration
 v - 2 fruits
 w - a royal jelly


   Skills:
 + Level 5.5 Fighting
 + Level 5.7 Dodging
 - Level 1.1 Stealth
 - Level 7.1 Unarmed Combat


You had 7 spell levels left.
You didn't know any spells.

Dungeon Overview and Level Annotations

Branches:
Dungeon (5/15)             Temple (1/1) D:4

Altars:
Cheibriados
Elyvilon
Fedhas
Kikubaaqudgha
Makhleb
Nemelex Xobeh
Okawaru
Qazlal
Sif Muna
Vehumet
Xom


Innate Abilities, Weirdness & Mutations

You are too large for most types of armour.
You have claws for hands.
Your metabolism is lightning-fast.
You like to eat raw meat.
You heal very quickly.
You are covered in fur (AC +1).
You have very tough skin (AC +2).


Message History

You are too injured to fight recklessly!
You are too injured to fight recklessly!
The centaur shoots an arrow.
The arrow hits you!
* * * LOW HITPOINT WARNING * * *
You see here an arrow.
The centaur unwields an uncursed shortbow.
The centaur completely misses you.
You scratch the centaur but do no damage.
The centaur hits you but does no damage. x2
The centaur wields an uncursed shortbow.
The centaur shoots an arrow.
The arrow closely misses you.
You see here an arrow.
The centaur shoots an arrow.
The arrow hits you!
* * * LOW HITPOINT WARNING * * *
You see here 2 arrows.
The centaur shoots an arrow.
The arrow barely misses you.
You see here an arrow.
The centaur shoots an arrow.
The arrow misses you.
The centaur shoots an arrow.
The arrow hits you!
You die...

..##....#............
........#..)##..##..#
......#.).#########
#c..##....# #
##...##....# #
#.(........#
#.(..##....#
##(..##....#
##@..##.......
#....#....#....
#.(..#....#....#
#....#....#....#
#....#....# ...#
##...# #...# #...#
...'


You could see a centaur.

Vanquished Creatures
  Prince Ribbit (D:5)
  Menkaure (D:5)
  A necrophage (D:5)
  4 ogres
  2 giant frogs (Sewer)
  A crimson imp (D:5)
  A hound (D:5)
  2 orc wizards (D:5)
  An orc priest (D:5)
  Jessica (D:2)
  2 gnolls (D:1)
  11 adders
  11 oozes (Sewer)
  An adder skeleton (D:4)
  A worm (D:3)
  21 orcs
  15 ball pythons
  10 bats
  16 giant cockroaches
  8 goblins
  7 hobgoblins
  2 jackals (D:4)
  2 quokkas
  16 giant geckos
  10 giant newts
  7 kobolds
  12 rats
167 creatures vanquished.

Notes
Turn   | Place    | Note
--------------------------------------------------------------
     0 | D:1      | virusv3i the Troll Monk began the quest for the Orb.
     0 | D:1      | Reached XP level 1. HP: 22/22 MP: 0/0
   144 | D:1      | Reached XP level 2. HP: 29/29 MP: 1/1
   287 | D:1      | Reached XP level 3. HP: 36/36 MP: 2/2
   768 | D:2      | Reached XP level 4. HP: 37/44 MP: 3/3
  1088 | D:2      | Found a blossoming altar of Fedhas.
  1093 | D:2      | Found a stormy altar of Qazlal.
  1096 | D:2      | Found a sparkling altar of Nemelex Xobeh.
  1187 | D:2      | Noticed Jessica
  1196 | D:2      | Killed Jessica
  1196 | D:2      | Reached skill level 5 in Unarmed Combat
  1342 | D:3      | Reached XP level 5. HP: 27/53 MP: 4/4
  2047 | D:4      | Found a glowing drain.
  2082 | Sewer    | Entered a sewer
  2261 | Sewer    | Reached XP level 6. HP: 61/61 MP: 5/5
  2381 | Sewer    | Reached skill level 6 in Unarmed Combat
  2467 | D:4      | Noticed an ogre
  2472 | D:4      | Killed an ogre
  2472 | D:4      | Reached XP level 7. HP: 65/68 MP: 6/6
  2566 | D:4      | Noticed an ogre
  2569 | D:4      | Killed an ogre
  2621 | D:4      | Found a staircase to the Ecumenical Temple.
  2659 | Temple   | Entered the Ecumenical Temple
  2856 | D:5      | Entered Level 5 of the Dungeon
  2952 | D:5      | Noticed Menkaure
  2963 | D:5      | Killed Menkaure
  2963 | D:5      | Reached skill level 7 in Unarmed Combat
  3242 | D:5      | Noticed Prince Ribbit
  3253 | D:5      | Reached skill level 5 in Dodging
  3253 | D:5      | Reached XP level 8. HP: 68/79 MP: 7/7
  3267 | D:5      | Killed Prince Ribbit
  3267 | D:5      | Reached skill level 5 in Fighting
  3395 | D:5      | Shot with an arrow by a centaur

Action                   |  1- 3 |  4- 6 |  7- 9 || total
-------------------------+-------+-------+-------++-------
Melee: Unarmed           |    75 |   279 |   116 ||   470
 Stab: Sleeping          |     4 |     5 |     2 ||    11
  Eat: Chunk             |     6 |    21 |    11 ||    38
